[Event "Israel Team Championship 2025"]
[Site "Israel"]
[Date "2025.01.18"]
[Round "4"]
[White "Vagman, Roy"]
[Black "Kochavi, Ori"]
[Result "1/2-1/2"]
[Annotator "TA"]
[ECO "C77"]
[WhiteElo "2254"]
[BlackElo "2377"]
[PlyCount "59"]
[EventDate "2025.01.07"]
[EventType "team-tourn"]
[EventCountry "ISR"]
[SourceTitle "playchess.com"]
[Source "ChessBase"]
[SourceQuality "1"]
[TimeControl "40/5400+30:1800+30"]

1. e4 e5 2. Nf3 Nc6 3. Bb5 a6 4. Ba4 Nf6 5. Nc3 Be7 6. a3 {C77: Ruy Lopez: 3...a6 4 Ba4 Nf6, unusual lines.} O-O (6... b5 $5 7. Bb3 $8 d6 $11) 7. d3 b5 8. Bb3 d6 9. h3 Na5 10. Ba2 Be6 11. d4 $146 (11. Nh2 c5 12. Ng4 c4 13. Nxf6+ Bxf6 14. O-O Rc8 15. Be3 Bg5 16. Qd2 Bxe3 17. fxe3 cxd3 18. Bxe6 fxe6 19. Rxf8+ Qxf8 {½-½ Predke,A (2685)-Kovalev,V (2559) CrunchLab Masters PlayIn rapid 2024 (7)}) 11... Bxa2 12. Rxa2 c5 13. dxe5 dxe5 14. Qxd8 Bxd8 15. Bg5 Nd7 16. Bxd8 Rfxd8 17. O-O f6 18. Nd5 c4 19. a4 {[#] And now axb5 would win.} b4 20. Nxb4 Nc5 21. Re1 Rab8 22. Nd5 Kf7 ({Much weaker is} 22... Nxe4 $6 23. Ne7+ Kf7 (23... Kf8 24. Rxe4 Kxe7 25. Nxe5 $16) 24. Rxe4 $16 (24. Nxe5+ fxe5 25. Rxe4 Kf6 $17)) 23. Nd2 c3 24. bxc3 Nxe4 $1 25. Nxe4 Rxd5 26. g4 Kg6 27. Raa1 Rb2 28. Rec1 Nc4 29. Rab1 Ra2 30. Ra1 {Weighted Error Value: White=0.07 (flawless) /Black=0.06 (flawless)   Inaccurate:     	White=2     	Black=2      OK:         	White=13    	Black=10     Best:        	---       	Black=2      Strong:       	---       	Black=1      Brilliant:      	---       	Black=1} 1/2-1/2

[Event "Israel Team Championship 2025"]
[Site "Israel"]
[Date "2025.01.15"]
[Round "4"]
[White "Poleg, Matan"]
[Black "Rechlis, Gad"]
[Result "0-1"]
[Annotator "TA"]
[ECO "B07"]
[WhiteElo "2252"]
[BlackElo "2459"]
[PlyCount "74"]
[EventDate "2025.01.07"]
[EventType "team-tourn"]
[EventCountry "ISR"]
[SourceTitle "playchess.com"]
[Source "ChessBase"]
[SourceQuality "1"]
[TimeControl "40/5400+30:1800+30"]

1. e4 d6 2. d4 Nf6 3. Nc3 g6 4. f3 c6 5. g4 b5 6. a3 Bg7 7. Be3 Qc7 8. Nge2 h5 9. g5 Nfd7 10. Qd2 (10. Bg2 $14) 10... Nb6 $11 11. b3 a5 12. Bg2 b4 13. Nd1 bxa3 14. Rxa3 a4 15. O-O Ba6 16. Nb2 axb3 17. Rxb3 Nc4 {Prevents f4} ({Better is} 17... O-O $15) 18. Nxc4 Bxc4 19. Rb2 (19. Rb4 $11 d5 20. f4) 19... O-O $15 20. Rfb1 Nd7 21. Rb7 (21. f4 {simplifies} Rfb8 22. Rxb8+ Rxb8 23. Rxb8+ Qxb8 24. h4) 21... Qc8 $1 22. Bh3 ({White should try} 22. R7b4 $15 Ba2 23. Rd1) 22... Ne5 $1 $17 23. Bg2 {[#]} (23. Bxc8 Nxf3+ 24. Kf2 Nxd2 25. Bxd2 Rfxc8 26. Rxe7 Ra2 $17) 23... Ba6 $1 24. dxe5 (24. Rxe7 Nc4 25. Qc3 Nxe3 26. Qxe3 c5 (26... Bxe2 $2 27. Qxe2 Bxd4+ 28. Kh1 $19)) (24. R7b3 $17 Nc4 25. Qd1) 24... Bxb7 $19 25. exd6 exd6 26. Qxd6 Rd8 $36 {[%mdl 2048] Black is in control.} 27. Qc5 Qd7 28. e5 Bf8 29. Qb6 Ba6 30. Ng3 $2 (30. Nc3) 30... Be7 (30... Rab8 $142 31. Qxb8 Rxb8 32. Rxb8 h4 (32... Qd1+ 33. Nf1 $17)) 31. Ne4 Bb5 {and ...Ra6 would now be decisive} 32. Bc5 $2 (32. Bd2) 32... Ra6 33. Bxe7 Qd1+ (33... Rxb6 $2 34. Nf6+ Kg7 35. Nxd7 Rxd7 36. Bf6+ Kh7 37. c4 $18) (33... Qxe7 $2 34. Qe3 $19) 34. Rxd1 (34. Bf1 $2 Rxb6 35. Nf6+ Kh8 36. Rxd1 Rxd1 $19) 34... Rxd1+ ({And not} 34... Rxb6 35. Rxd8+ Kh7 36. Nf6+ Kg7 37. Rg8#) 35. Kf2 Rxb6 36. Bh3 (36. Bc5 {might work better.} Ra6 37. Kg3) 36... Bc4 37. Nf6+ Kh8 0-1

[Event "Israel Team Championship 2025"]
[Site "Israel"]
[Date "2025.01.15"]
[Round "4"]
[White "Poleg, Dan"]
[Black "Noy, Eyal"]
[Result "1/2-1/2"]
[Annotator "TA"]
[ECO "E12"]
[WhiteElo "2189"]
[BlackElo "2262"]
[PlyCount "142"]
[EventDate "2025.01.07"]
[EventType "team-tourn"]
[EventCountry "ISR"]
[SourceTitle "playchess.com"]
[Source "ChessBase"]
[SourceQuality "1"]
[TimeControl "40/5400+30:1800+30"]

1. d4 Nf6 2. Nf3 e6 3. c4 b6 4. a3 Bb7 5. Nc3 d5 6. Bg5 h6 7. Bxf6 Qxf6 8. Qa4+ Bc6 9. Qb3 Qd8 (9... Bd6 $14) 10. Ne5 (10. cxd5 $16 Bxd5 11. Nxd5 Qxd5 12. Qc3) 10... dxc4 $1 $11 11. Qxc4 Bb7 12. e4 Bd6 13. Be2 O-O 14. O-O c5 15. Rad1 {[%cal Oe5f7] Nxf7! would now be deadly.} cxd4 (15... Bxe5 {simplifies} 16. dxe5 Qe7 17. Qd3 Nc6) 16. Qxd4 Bc7 {A strong pair of Bishops.} 17. Qxd8 Rxd8 18. Rxd8+ Bxd8 19. Nb5 Nc6 (19... Bxe4 20. Rc1 f6 21. Nd6 (21. Rc8 Na6 $11) 21... fxe5 (21... Bd5 22. Rc8 $16) 22. Nxe4 $16) 20. Nxf7 Kxf7 21. Nd6+ Ke7 22. Nxb7 Nd4 23. Ba6 Bc7 24. f4 e5 (24... g5 $11 {keeps the balance.}) 25. f5 (25. Rc1 $16 Kd7 26. f5) 25... Rf8 26. Rc1 Kd7 27. a4 Rf6 28. Rd1 {White is more active.} (28. Rc3 $16) 28... Ke7 29. Bc4 Rc6 30. b3 Bb8 31. a5 (31. Rd3 $142) 31... Rc7 {[%mdl 1024] Black has compensation.} 32. a6 Rc6 33. Kf1 Bc7 34. Rd3 Rf6 $2 ({Better is} 34... b5 $11 35. Bd5 Rc1+ (35... Rxa6 36. Rg3 $14) 36. Kf2 Bb6) 35. Rg3 $16 Kf8 36. Bd5 {Prevents Rc6.} g5 $2 {[#]} (36... Nb5 $16 37. h4 h5) 37. h4 $1 $18 Nxf5 38. exf5 Rxf5+ 39. Rf3 Rf4 40. Rxf4+ exf4 41. h5 Ke7 42. Ke2 g4 43. Kd3 Kd7 (43... Kf6 $16 {was called for.} 44. Ke2 Kf5) 44. Ke4 f3 45. gxf3 gxf3 46. Kxf3 Bh2 47. Ke4 Bg3 48. Bf7 Kc7 49. Kd5 Bf4 50. Be6 Bg3 51. Bg4 Bf4 52. Ke6 Bg3 53. Ke7 Bh4+ 54. Ke8 Bg5 55. Bh3 Bh4 56. Kf7 Bg5 57. Kg6 Bf4 58. Kf5 Bg3 59. Kg4 Be5 60. Kf3 Bh2 61. Ke4 Bg3 62. Kf5 Bh2 63. b4 Bg3 64. Ke6 Bf4 65. b5 Bg3 66. Kd5 Bf4 {[#]} 67. Nd8 $2 Kxd8 $16 68. Kc6 Bg3 69. Kb7 Bf4 70. Kxa7 {[%cal Oa7b7] White threatens Kb7! and mate.} Kc7 71. Bg2 Bg3 1/2-1/2

[Event "Israel Team Championship 2025"]
[Site "Israel"]
[Date "2025.01.15"]
[Round "4"]
[White "Zhemailov, Adam"]
[Black "Tarnopolsky, Anatoly"]
[Result "1/2-1/2"]
[Annotator "TA"]
[ECO "A07"]
[WhiteElo "2116"]
[BlackElo "2302"]
[PlyCount "104"]
[EventDate "2025.01.07"]
[EventType "team-tourn"]
[EventCountry "ISR"]
[SourceTitle "playchess.com"]
[Source "ChessBase"]
[SourceQuality "1"]
[TimeControl "40/5400+30:1800+30"]

1. Nf3 Nf6 2. g3 d5 3. Bg2 e6 4. O-O Be7 5. d3 O-O 6. a4 a5 7. Bf4 Nc6 8. Nc3 Bd6 9. Bxd6 cxd6 10. e4 d4 11. Nb5 e5 12. Nd2 Bg4 13. f3 Be6 14. f4 Na7 ({Black should try} 14... Ng4 $11) 15. Na3 Ng4 (15... h6 $11 {keeps the balance.}) 16. Ndc4 $16 Bxc4 (16... exf4 $14 17. gxf4 Rc8) 17. Qxg4 (17. Nxc4 $16 Ne3 18. Nxe3 dxe3 19. Qe2) 17... Ba6 $11 18. Qh5 Nc6 19. Rf2 Qe8 20. Bh3 Nb4 21. b3 b6 22. Raf1 f6 (22... Ra7 {seems wilder.} 23. fxe5 dxe5 24. Rf6 Nxc2 25. Nxc2 Bxd3 26. Na3 Bxf1 27. Rxf1 g6) 23. Qd1 Ra7 24. Bf5 Qe7 25. Qg4 Raa8 26. Be6+ Kh8 27. f5 {[#]} (27. Qh3 $11) 27... d5 28. exd5 (28. Bxd5 $2 Nxd5 29. Ra1 Ne3 $19) 28... Bb7 29. Nc4 $1 Qc5 30. d6 Nd5 31. h4 Ne3 32. Nxe3 dxe3 33. Re2 Qxd6 34. Rxe3 Qc5 35. Qe2 {Active counter play!} Rad8 36. Kh2 Rd4 37. Bc4 Rfd8 38. c3 R4d6 39. Kh3 ({White should play} 39. d4 $16 Qc8 40. Qg4 (40. dxe5 $2 Rd2 $19)) 39... Qc6 40. Re1 Qc8 $1 41. g4 h6 (41... Bc6 $14) 42. Rf1 (42. d4 $1 $16) 42... Bd5 43. Bxd5 Rxd5 44. g5 fxg5 45. hxg5 Qxc3 46. Rff3 hxg5 47. f6 g4+ (47... Qxb3 $2 48. f7 Rf8 (48... Qxa4 $2 49. f8=Q+ Kh7 50. Qf5+ g6 51. Qxg5 $18) 49. Rxe5 Rxe5 50. Qxe5 $18) 48. Kxg4 Rd4+ 49. Re4 gxf6 {...Kg7 would now be deadly.} (49... Qxb3 $2 {perishes.} 50. Qh2+ Kg8 51. f7+ $18 (51. Qxe5 R4d7 $11)) 50. Qh2+ $1 Kg7 51. Rxf6 Rxe4+ 52. dxe4 {Threatening mate with Qh6+.} Kxf6 1/2-1/2